 Dungeon Crawl Stone Soup version 0.30-a0-475-g03497ec522 (webtiles) character file.

Game seed: 10288612773335568410

55258 drugrobin the Zephyrmancer (level 14, -8/166 (172) HPs)
             Began as a Demigod Artificer on Dec 20, 2022.
             Mangled by a dire elephant (10 damage)
             ... on level 5 of the Lair of Beasts on Dec 21, 2022.
             The game lasted 01:18:10 (26553 turns).

drugrobin the Zephyrmancer (Demigod Artificer)     Turns: 26553, Time: 01:18:10

HP:   -8/166 (172)  AC: 27    Str: 17    XL:     14   Next: 4%
MP:   2/28          EV: -1    Int: 25    God:
Gold: 840           SH:  0    Dex: 14    Spells: 4/26 levels left

rFire   + . .      SeeInvis .    b - staff of air
rCold   x . .      Faith    .    (no shield)
rNeg    . . .      Spirit   .    (body armour currently unavailable)
rPois   +          Reflect  .    (helmet currently unavailable)
rElec   +          Harm     .    (cloak currently unavailable)
rCorr   .          Rampage  .    (gloves currently unavailable)
Will    +....      NoTele   +    (boots currently unavailable)
Stlth   ++........               (no amulet)
HPRegen 0.47/turn                n - ring of wizardry
MPRegen 0.21/turn                K - ring of fire

@: mighty, tree-form, attractive, constricted, lightly drained
A: stationary, stasis, torment immunity, boosted hp, high MP 1, forlorn, divine
attributes
a: no special abilities


You were on level 5 of the Lair of Beasts.
You were a tree.
You visited 3 branches of the dungeon, and saw 17 of its levels.

You collected 1005 gold pieces.
You spent 165 gold pieces at shops.

Inventory:

Hand Weapons
 a - a +0 lajatang of venom
 d - a +5 flail of freezing
 k - a +2 mace of draining
Missiles
 t - 2 throwing nets
 u - 7 poisoned darts
Armour
 c - a +2 hat (melded)
 i - a +0 pair of boots (melded)
 l - a +0 buckler
 r - a +2 robe of cold resistance
 C - a +1 pair of gloves of dexterity (melded)
 F - a +1 leather armour of fire resistance (melded)
 L - a +2 cloak (melded)
Magical Staves
 b - a staff of air (weapon)
Jewellery
 g - a +6 ring of dexterity
 n - a ring of wizardry (left branch)
 s - a ring of ice
 y - a ring of willpower
 K - a ring of fire (right branch)
Wands
 e - a wand of iceblast (5)
 v - a wand of flame (59) (quivered)
 A - a wand of charming (55)
Scrolls
 f - 2 scrolls of enchant armour
 h - 11 scrolls of teleportation
 j - 6 scrolls of fog
 q - 6 scrolls of fear
 x - 7 scrolls of vulnerability
 z - a scroll of brand weapon
 E - 3 scrolls of magic mapping
 G - 4 scrolls of immolation
 I - 3 scrolls of poison
 J - a scroll of identify
Potions
 m - a potion of haste
 p - 4 potions of lignification
 w - a potion of flight
Miscellaneous
 D - a condenser vane (inert)


   Skills:
 - Level 8.0 Fighting
 - Level 4.4 Staves
 - Level 1.7 Armour
 - Level 12.1 Dodging
 - Level 0.8 Stealth
 + Level 6.9 Spellcasting
 + Level 5.9 Conjurations
 * Level 13.2 Air Magic
 + Level 8.5 Evocations


You had 4 spell levels left.
You knew the following spells:

 Your Spells              Type           Power      Damage    Failure   Level
a - Stone Arrow           Conj/Erth      46%        3d9       2%          3
b - Magic Dart            Conj           100%       1d8       1%          1
c - Call Imp              Summ           8%         N/A       4%          2
d - Mephitic Cloud        Conj/Pois/Air  57%        N/A       1%          3
e - Vhi's Electric Charg  Tloc/Air       100%       N/A       1%          3
f - Arcjolt               Conj/Air       35%        1d45      1%          5
g - Iskenderun's Battles  Conj           38%        2d9       6%          5

Your spell library contained the following spells:

 Spells                   Type           Power      Damage    Failure   Level
 Apportation              Tloc           16%        N/A       2%          1
 Gell's Gravitas          Tloc           8%         N/A       9%          3
 Inner Flame              Hex/Fire       13%        N/A       9%          3
 Lesser Beckoning         Tloc           16%        N/A       9%          3
 Teleport Other           Tloc           8%         N/A       9%          3
 Animate Armour           Summ/Erth      16%        N/A       26%         4
 Cause Fear               Hex            4%         N/A       26%         4
 Alistair's Intoxication  Tmut/Pois      5%         N/A       56%         5
 Yara's Violent Unravell  Hex/Tmut       4%         3d4       56%         5
 Maxwell's Capacitive Co  Air            42%        ∞         58%         8
 Iron Shot                Conj/Erth      11%        9d3       73%         6
 Spellforged Servitor     Conj/Summ      11%        N/A       99%         7
 Enfeeble                 Hex            4%         N/A       100%        7
 Discord                  Hex            4%         N/A       100%        8
 Lehudib's Crystal Spear  Conj/Erth      11%        10d4      100%        8


Dungeon Overview and Level Annotations

Branches:
Dungeon (11/15)            Temple (1/1) D:6            Lair (5/5) D:11
 Shoals (0/4) Lair:3       Spider (0/4) Lair:3        Slime (0/5) Lair:4
    Orc (0/2) D:11

Shops:
D:2 (   D:3 [   D:4 (   D:5 *   D:11 [=

Annotations:
D:5 3 runed translucent doors, Prince Ribbit; tonyyikes's ghost, amateur DrFE
D:11 Erolcha
Lair:5 exclusion: obsidian statue


Innate Abilities, Weirdness & Mutations

You are a tree.
Your roots penetrate the ground, keeping you stationary.
You cannot be teleported.
You are immune to unholy pain and torment.
Your maximum health is greatly increased.
Your equipment is partially melded.
You have an increased reservoir of magic. (+10% MP)
You shall have no god before yourself.
Your divine heritage dramatically boosts your attributes as you level up.


Message History

Unknown command.
Unknown command.
Unknown command.
Unknown command.
Press: ? - help, v - describe, . - travel
Here: a spectral anaconda (freezing vapour, lightly damaged, constricting you)
The floor, spattered with blood.
Unknown command.
Unknown command.
It was a potion of might.
You feel very mighty all of a sudden.
The spectral anaconda is engulfed in freezing vapours.
The spectral anaconda bites you but does no damage.
The spectral anaconda constricts you.
* * * LOW HITPOINT WARNING * * *
The dire elephant is engulfed in freezing vapours.
The dire elephant tramples you but does no damage.
The dire elephant trunk-slaps you but does no damage.
The spectral anaconda is engulfed in freezing vapours.
The spectral anaconda bites you but does no damage.
The spectral anaconda constricts you.
Unknown command.
Unknown command.
Unknown command.
Unknown command.
Unknown command.
Unknown command.
Unknown command.
Unknown command.
You hit the spectral anaconda but do no damage.
The spectral anaconda is electrocuted!
The spectral anaconda is moderately damaged.
The spectral anaconda is engulfed in freezing vapours.
The spectral anaconda bites you but does no damage.
The spectral anaconda constricts you.
The dire elephant is engulfed in freezing vapours.
The dire elephant tramples you!
* * * LOW HITPOINT WARNING * * *
The dire elephant trunk-slaps you!
You die...

##8P8###. ###.####
#.†....# ######.~~
#P...####...†)8#
#8.Yp8#≈Z≈≈
####P...#'#########
#)(...Y≈≈≈~Y#8.####.#.#
#)##
#))...'~≈Y.p'.....#...#
#+##
#8...8##~~.##8.§§§#..8#
♣8♣# ## ####§§#''###
P.. #ZY§#..#.##....##
##♣*........P♣
###P....P..♣♣
####.#.#♣♣ #####


You could see a dire elephant, a spectral anaconda and a friendly battlesphere.

Vanquished Creatures
  2 dire elephants (Lair:5)
  Fannar (Lair:3)
  Josephine (D:10)
  4 hydras
  6 two-headed ogres
  A boulder beetle (D:10)
  13 death yaks
  2 spectral death yaks (Lair:5)
  A fire crab (Lair:4)
  2 necromancers (Lair:5)
  An orc knight (D:11)
  An ugly thing (D:11)
  A cyclops (D:11)
  Maurice (D:10)
  18 elephants
  8 black mambas
  2 torpor snails (Lair:5)
  14 cane toads
  6 komodo dragons
  3 polar bears
  A troll (D:11)
  A spectral elephant (Lair:5)
  19 blink frogs
  2 jumping spiders (Lair:3)
  5 wraiths
  Sigmund (D:4)
  3 wyverns
  27 yaks
  2 basilisks (Lair:1)
  A redback (Lair:3)
  Edmund (D:6)
  2 spectral cane toads (Lair:5)
  9 water moccasins
  2 ice beasts
  2 orc warriors
  3 black bears
  A sky beast (D:7)
  13 ogres
  16 wolves
  6 centaurs
  A phantom (D:5)
  13 bullfrogs
  A gnoll sergeant (D:11)
  2 necrophages
  5 scorpions
  8 wights
  25 killer bees
  6 electric eels (Lair:2)
  2 howler monkeys (D:10)
  2 lava snakes (Lair:2)
  7 orc priests
  2 gnoll boudas
  3 hounds
  A jelly (D:7)
  Ijyb (D:4)
  An iguana (D:5)
  3 orc wizards
  3 hell rats (Lair:2)
  16 gnolls
  8 adders
  A white imp (D:5)
  An ufetubus (D:4)
  3 worms
  4 dart slugs
  30 orcs
  4 bats
  5 endoplasms
  3 giant cockroaches
  3 goblins
  4 hobgoblins
  5 jackals
  3 quokkas
  8 ball pythons
  5 frilled lizards
  7 kobolds
  6 rats
407 creatures vanquished.

Vanquished Creatures (collateral kills)
  A two-headed ogre (D:11)
  A hell rat (Lair:2)
2 creatures vanquished.

Vanquished Creatures (others)
  A killer bee (D:9)
  An electric eel (Lair:2)
  2 lava snakes (Lair:2)
  A bush (Lair:2)
  58 fungi
  69 plants
  11 withered plants (Lair:5)
143 creatures vanquished.

Grand Total: 552 creatures vanquished

Notes
Turn   | Place    | Note
-------+----------+-------------------------------------------
     0 | D:1      | drugrobin the Demigod Artificer began the quest for the
                  | Orb.
     0 | D:1      | Reached XP level 1. HP: 15/15 MP: 3/3
    61 | D:1      | Reached skill level 1 in Fighting
    69 | D:1      | Reached XP level 2. HP: 18/23 MP: 4/4
   581 | D:1      | Reached XP level 3. HP: 27/29 MP: 5/5
  1518 | D:2      | Found Unny's Antique Weapon Boutique.
  1937 | D:2      | Reached XP level 4. HP: 22/37 MP: 6/6
  2140 | D:2      | Learned a level 3 spell: Stone Arrow
  2971 | D:3      | Found Xeokaq's Antique Armour Emporium.
  3143 | D:3      | Reached skill level 1 in Spellcasting
  3233 | D:3      | Learned a level 1 spell: Magic Dart
  3382 | D:4      | Noticed Ijyb
  3405 | D:4      | Found Kiseplue's Weapon Shoppe.
  3453 | D:4      | Reached XP level 5. HP: 19/45 MP: 1/9
  3555 | D:4      | Learned a level 2 spell: Call Imp
  3610 | D:4      | Reached skill level 1 in Conjurations
  3758 | D:4      | Noticed Sigmund
  3781 | D:5      | Entered Level 5 of the Dungeon
  3850 | D:5      | Noticed Prince Ribbit
  4250 | D:5      | Reached XP level 6. HP: 51/51 MP: 4/12
  4530 | D:4      | Learned a level 3 spell: Mephitic Cloud
  4544 | D:5      | Reached skill level 1 in Dodging
  4709 | D:5      | Found a runed translucent gate.
  4709 | D:5      | Found a runed translucent gate.
  4709 | D:5      | Noticed tonyyikes's ghost (amateur DrFE)
  4782 | D:5      | Reached XP level 7. HP: 32/57 MP: 2/15
  4877 | D:5      | Found a runed translucent gate.
  5711 | D:5      | Found Hyboc's Assorted Antiques.
  5718 | D:5      | Bought a pair of runed gloves for 165 gold pieces
  6560 | D:6      | Reached XP level 8. HP: 63/63 MP: 11/17
  6613 | D:6      | Reached skill level 5 in Dodging
  6727 | D:6      | Noticed Edmund
  6737 | D:6      | Killed Edmund
  7080 | D:1      | Learned a level 3 spell: Vhi's Electric Charge
  7362 | D:4      | Killed Sigmund
  7469 | D:4      | Killed Ijyb
  7893 | D:6      | Found a staircase to the Ecumenical Temple.
  7899 | Temple   | Entered the Ecumenical Temple
  7987 | D:7      | HP: 2/63 [acid (6)]
  9034 | D:7      | Reached XP level 9. HP: 50/69 MP: 12/18
  9947 | D:8      | Noticed a rakshasa
 10640 | D:9      | Reached skill level 10 in Dodging
 11324 | D:9      | Noticed a two-headed ogre
 11364 | D:9      | Killed a two-headed ogre
 11365 | D:9      | Reached XP level 10. HP: 41/77 MP: 4/19
 12014 | D:10     | Entered Level 10 of the Dungeon
 12038 | D:10     | Reached skill level 1 in Air Magic
 12117 | D:10     | Noticed Josephine
 12132 | D:10     | Killed Josephine
 12133 | D:10     | Reached skill level 3 in Air Magic
 12262 | D:10     | Reached skill level 4 in Air Magic
 12340 | D:10     | Learned a level 5 spell: Arcjolt
 12450 | D:10     | Reached skill level 5 in Air Magic
 12764 | D:10     | Noticed Maurice
 12794 | D:10     | Killed Maurice
 12938 | D:10     | Reached skill level 6 in Air Magic
 13365 | D:11     | Noticed an orc knight
 13365 | D:11     | Found Boheoxet's Armour Emporium.
 13365 | D:11     | Found a staircase to the Orcish Mines.
 13423 | D:11     | Noticed a boulder beetle
 13424 | D:11     | Killed an orc knight
 13439 | D:10     | Killed a boulder beetle
 13440 | D:10     | Reached skill level 7 in Air Magic
 13637 | D:11     | Reached XP level 11. HP: 45/82 MP: 10/20
 13807 | D:11     | Found Savieg's Jewellery Shoppe.
 14013 | D:11     | Reached skill level 1 in Staves
 14013 | D:11     | Reached skill level 8 in Air Magic
 14294 | D:11     | Found a staircase to the Lair.
 14544 | D:11     | Noticed a two-headed ogre
 14552 | D:11     | Killed a two-headed ogre
 15143 | D:11     | Noticed a two-headed ogre
 15167 | D:11     | Killed a two-headed ogre
 15168 | D:11     | Reached skill level 9 in Air Magic
 15400 | D:11     | Noticed a two-headed ogre
 15427 | D:11     | Killed a two-headed ogre
 15428 | D:11     | Reached skill level 5 in Evocations
 15514 | D:11     | Noticed a two-headed ogre
 15528 | D:11     | Killed a two-headed ogre
 15679 | D:11     | Noticed a two-headed ogre
 15687 | D:11     | Killed a two-headed ogre
 15689 | D:11     | Noticed a two-headed ogre
 15692 | D:11     | Killed a two-headed ogre
 15700 | D:11     | Noticed Erolcha
 15759 | Lair:1   | Entered Level 1 of the Lair of Beasts
 15955 | Lair:1   | Reached skill level 5 in Fighting
 16417 | Lair:1   | Reached XP level 12. HP: 91/94 MP: 21/21
 16526 | Lair:1   | You fall into a shaft and drop 1 floor!
 16537 | Lair:2   | Reached skill level 10 in Air Magic
 19466 | Lair:2   | Reached skill level 11 in Air Magic
 19986 | Lair:3   | Reached skill level 5 in Spellcasting
 20211 | Lair:3   | Noticed Fannar
 20229 | Lair:3   | Killed Fannar
 20455 | Lair:3   | Found a hole to the Spider Nest.
 20555 | Lair:3   | Noticed an eight-headed hydra
 20563 | Lair:3   | Killed an eight-headed hydra
 20648 | Lair:3   | Found a staircase to the Shoals.
 21939 | Lair:3   | Learned a level 5 spell: Iskenderun's Battlesphere
 21946 | Lair:3   | Reached XP level 13. HP: 104/104 MP: 16/25
 23139 | Lair:4   | Found a staircase to the Slime Pits.
 23266 | Lair:4   | Reached skill level 12 in Air Magic
 24041 | Lair:5   | Entered Level 5 of the Lair of Beasts
 24652 | Lair:5   | Reached skill level 5 in Conjurations
 26003 | Lair:5   | Noticed a dire elephant
 26003 | Lair:5   | Noticed a dire elephant
 26227 | Lair:5   | Noticed a dire elephant
 26284 | Lair:5   | Reached skill level 13 in Air Magic
 26544 | Lair:5   | Reached XP level 14. HP: 31/115 MP: 10/28
 26547 | Lair:5   | HP: 8/169 [spectral anaconda (1)]
 26553 | Lair:5   | HP: 2/166 [dire elephant (11)]
 26553 | Lair:5   | Mangled by a dire elephant

Illustrated notes

Levels and vault maps discovered:
D:1:      ncdulo_halloftheorcs, layout_loops_ring, serial_forest,
          infiniplex_forest_end_1, infiniplex_forest_end_2,
          infiniplex_forest_clump_curved, infiniplex_forest_clump_tiny,
          infiniplex_forest_clump_tiny, infiniplex_forest_straight_3,
          infiniplex_forest_end_1, infiniplex_forest_fountain,
          minmay_pentomino_z2
D:2:      wad_river_or_something, layout_basic, serial_shops, shop,
          feat_on_display
D:3:      layout_loops_cross, serial_shops, nicolae_shop_statue_plus,
          chequers_decorated_corner
D:4:      layout_rooms, mainiacjoe_overflow_small_starburst, serial_shops, shop,
          uniq_ijyb, uniq_sigmund
D:5:      layout_basic, kennysheep_mini_moat, serial_shops,
          nicolae_shop_hallway_plus, gammafunk_ghost_nasty_kobolds,
          uniq_prince_ribbit1
D:6:      layout_rooms, minmay_temple_entry_enclosed_plants, serial_glass,
          glass_columns_b, glass_columns_c, uniq_edmund
D:7:      layout_loops_ring
D:8:      layout_loops_corners, grunt_temple_overflow_bloody_war, kb_rosetta
D:9:      layout_small_grid, jmf_multi_god_temple, st_stairs_4
D:10:     layout_irregular_city, uniq_josephine, uniq_maurice
D:11:     lemuel_ogre_cave, layout_irregular_city, due_lair_maze_entry_diamond,
          orc_david_3, serial_shops, nicolae_shop_window_shopping,
          minmay_misc_feat_plants
Temple:   regret_index_temple_sphere_string
Lair:1:   layout_cave_pods, hibernation_bobbens
Lair:2:   layout_regular_city, nicolae_lair_liquid_snakes
Lair:3:   layout_roguey, minmay_shoals_entry_centaurs, spider_nest_entry_a,
          uniq_fannar
Lair:4:   layout_loops_ring, dpeg_slime_entry_enclosed
Lair:5:   due_jungle_book, layout_cave_shapes, nicolae_quartered_pool_medium,
          lemuel_fruit_tree

Skill      XL: |  1  2  3  4  5  6  7  8  9 10 11 12 13 |
---------------+----------------------------------------+-----
Fighting       | 1 2 3 5 6 8 |  8.0
Evocations     | 3 4 5 7 8 |  8.5
Spellcasting   | 1 2 3 4 5 6 |  6.9
Conjurations   | 2 3 4 5 |  5.9
Dodging        | 1 4 8 11 12 | 12.1
Air Magic      | 7 9 11 13 | 13.2
Staves         | 4 |  4.4
Armour         | |  1.7
Stealth        | |  0.8

Action                   |  1- 3 |  4- 6 |  7- 9 | 10-12 | 13-15 || total
-------------------------+-------+-------+-------+-------+-------++-------
Melee: Flail             |    30 |       |    39 |    34 |       ||   103
       Short sword       |   140 |   126 |       |       |       ||   266
       Club              |     3 |       |       |       |       ||     3
       Punch             |     1 |       |     1 |    12 |     2 ||    16
       Quarterstaff      |       |    51 |    27 |       |       ||    78
       Dagger            |       |       |   124 |   129 |       ||   253
       Mace              |       |       |       |    15 |       ||    15
       Staff             |       |       |       |   361 |   146 ||   507
       Lajatang          |       |       |       |    47 |       ||    47
 Fire: Sling             |       |    10 |       |       |       ||    10
 Cast: Magic Dart        |       |    31 |    57 |    42 |     9 ||   139
       Stone Arrow       |       |    14 |    73 |   115 |     9 ||   211
       Mephitic Cloud    |       |       |    18 |    39 |     4 ||    61
       Call Imp          |       |       |     5 |     4 |       ||     9
       Vhi's Electric Ch |       |       |     2 |     1 |     4 ||     7
       Arcjolt           |       |       |       |    56 |    69 ||   125
       Iskenderun's Batt |       |       |       |       |     1 ||     1
Evoke: Wand              |     3 |     8 |     5 |    17 |     4 ||    37
       Condenser vane    |       |       |       |       |     2 ||     2
  Use: Scroll            |       |       |     4 |    16 |     2 ||    22
       Potion            |       |       |       |       |     7 ||     7
 Stab: Sleeping          |     1 |     7 |     1 |       |       ||     9
       Confused          |       |       |     7 |    21 |       ||    28
       Distracted        |       |       |     1 |     2 |       ||     3
Armor: Leather armour    |    19 |    29 |    33 |   137 |    79 ||   297
       Chain mail        |    72 |    16 |       |       |       ||    88
       Skin              |       |       |       |       |    14 ||    14
Dodge: Dodged            |    73 |    88 |   218 |   730 |   273 ||  1382

Table legend: (Time is in decaauts)
 A = Elapsed time spent in this place.
 B = Non-inter-level travel time spent in this place.
 C = Inter-level travel time spent in this place.
 D = Time resting spent in this place.
 E = Time spent auto-exploring this place.
 F = Levels seen in this place.
 G = Mean time per level.
                   A        B        C        D        E       F      G
               +--------+--------+--------+--------+--------+-----+--------+
         Total |  26709 |  25424 |   1285 |   6115 |  13934 |  17 | 1571.1 |
       Dungeon |  15891 |  15120 |    771 |   2803 |   8753 |  11 | 1444.6 |
        Temple |      1 |      1 |      0 |      0 |      0 |   1 |    1.0 |
          Lair |  10816 |  10303 |    513 |   3312 |   5181 |   5 | 2163.2 |
               +--------+--------+--------+--------+--------+-----+--------+

Top non-repeatable levels by time:
  Lair:4: 3001 daAuts
  Lair:1: 2642 daAuts
  Lair:2: 2530 daAuts
     D:5: 2389 daAuts
    D:11: 1904 daAuts
    D:10: 1785 daAuts
     D:9: 1769 daAuts
     D:7: 1535 daAuts
  Lair:3: 1519 daAuts
     D:2: 1338 daAuts
     D:4: 1335 daAuts
     D:1: 1283 daAuts
  Lair:5: 1122 daAuts
     D:6: 955 daAuts
     D:3: 943 daAuts
